 Dungeon Crawl Stone Soup version 0.20.1-1-g8b1a95d (webtiles) character file.

1937 Irenicus the Reanimator (level 8, 0/62 HPs)
             Began as a Deep Dwarf Necromancer on Nov 1, 2017.
             Was a Follower of Makhleb.
             Slain by an orc warrior
             ... wielding a +0 trident
              (12 damage)
             ... on level 7 of the Dungeon.
             The game lasted 00:22:53 (4190 turns).

Irenicus the Reanimator (Deep Dwarf Necromancer)    Turns: 4190, Time: 00:22:54

Health: 0/62       AC:  4    Str: 12      XL:     8   Next: 97%
Magic:  3/15       EV: 12    Int: 16      God:    Makhleb [*.....]
Gold:   260        SH:  2    Dex: 10 (15) Spells: 8/17 levels left

rFire    + . .     SeeInvis +   i - +2 spear (pierce)
rCold    . . .     Gourm    .   (no shield)
rNeg     . . .     Faith    .   k - +1 leather armour (curse)
rPois    .         Spirit   .   (no helmet)
rElec    .         Reflect  +   (no cloak)
rCorr    .         Harm     .   (no gloves)
MR       +....                  (no boots)
Stlth    ++........             s - +2 amulet of reflection
Regen    0.0/turn               n - ring of see invisible
MPRegen  0.2/turn               x - ring of protection from fire

@: non-regenerating
A: damage resistance, heal wounds, sense surroundings 1, no regeneration
a: Heal Wounds, Renounce Religion


You were on level 7 of the Dungeon.
You worshipped Makhleb.
Makhleb was aware of your devotion.
You were not hungry.

You visited 2 branches of the dungeon, and saw 8 of its levels.

You collected 260 gold pieces.

Inventory:

Hand Weapons
 f - a +0 whip
 i - a +2 spear of piercing (weapon)
 u - a +2 scythe of venom
Armour
 a - a +0 robe
 k - a cursed +1 leather armour (worn)
Jewellery
 n - a ring of see invisible (left hand)
 s - a +2 amulet of reflection (around neck)
 x - a ring of protection from fire (right hand)
Wands
 E - a wand of acid (5/15)
Scrolls
 d - a scroll of enchant weapon
 e - a scroll of enchant armour
 g - a scroll of blinking {unknown}
 h - 2 scrolls of immolation {unknown}
 j - a scroll of teleportation
 l - a scroll of magic mapping {unknown}
 m - 2 scrolls of recharging {unknown}
 q - 4 scrolls of remove curse {unknown}
 r - 4 scrolls of identify
 w - 2 scrolls of fear {unknown}
 C - a scroll of random uselessness {unknown}
Potions
 v - 2 potions of agility
 A - a potion of curing
 B - a potion of haste
 D - a potion of mutation
Books
 b - a book of Necromancy

   Spells                             Type                      Level
   a - Pain                           Necromancy                   1
   b - Animate Skeleton               Necromancy                   1
   c - Vampiric Draining              Necromancy                   3
   d - Regeneration                   Charms/Necromancy            3
   e - Animate Dead                   Necromancy                   4
   f - Control Undead                 Necromancy                   4
 y - Sif Muna's Almanac of Self-Improvement
   (You found it on level 5 of the Dungeon)

   Spells                             Type                      Level
   a - Infusion                       Charms                       1
Comestibles
 c - 4 bread rations
 o - 3 meat rations
 p - 7 fruits
 t - a royal jelly
 z - 7 chunks of flesh


   Skills:
 - Level 2.1 Dodging
 - Level 2.4 Stealth
 + Level 5.0 Spellcasting
 - Level 11.7 Necromancy


You had 8 spell levels left.
You knew the following spells:

 Your Spells              Type           Power        Failure   Level  Hunger
a - Pain                  Necr           ####         1%          1    None
b - Animate Skeleton      Necr           N/A          1%          1    None
c - Control Undead        Necr           #####.....   1%          4    ####...
e - Vampiric Draining     Necr           #####.....   1%          3    ###....


Dungeon Overview and Level Annotations

Branches:
Dungeon (7/15)             Temple (1/1) D:6

Altars:
Cheibriados
Dithmenos
Elyvilon
Gozag
Kikubaaqudgha
Makhleb
Qazlal
Ru
Sif Muna
Uskayaw
Vehumet
Xom
The Shining One

Shops:
D:5 [

Annotations:
D:5 othur's ghost, novice GrFi


Innate Abilities, Weirdness & Mutations

You are resistant to damage.
You can heal yourself by infusing magical energy.
You passively map a small area around you.
You do not regenerate.


Message History

3 inedible chunks of flesh; a dagger; a blowgun; 10 poisoned needles
Okay, then.
Casting: Animate Skeleton
Confirm with . or Enter, or press ? or * to list all spells.
Okay, then.
Attack whom?
Press: ? - help, Dir - move target cursor, f - kobold
Aim: a kobold You reach to attack!
You hit the kobold.
The kobold is heavily wounded.
The kobold hits your kobold skeleton.
Your kobold skeleton hits the kobold.
The kobold dies!
Makhleb accepts your kill.
You swap places.
An orc and an orc warrior come into view.
The orc shouts! 2 kobolds, a big kobold and an orc wizard come into view.
The orc wizard shouts!
The orc priest shouts!
The orc warrior hits you with a trident!
You die...

,........(.#..#
...........##.##
.$..(......##..#
....K......###.##
,...[.o.....#
#.># .K.K.......#
##.# ,
....oo.....# #.#
....KK..o..# #.#
.......(#@## #.#
........#.# #)#
,........#Z# #Z#
........#Z# #Z#
######.##Z#####)#
#.*#.......# #.
#######.# * * #=
#.# , , #.#


You could see an orc warrior, a big kobold (wandering), an orc priest, an orc
wizard, an orc, 3 kobolds, a friendly kobold skeleton, a friendly orc skeleton
and a friendly orc wizard skeleton.

Vanquished Creatures
  Pikel (D:4)
  Grinder (D:4)
  Sigmund (D:2)
  An ice beast (D:7)
  An ogre (D:6)
  2 bullfrogs
  A scorpion (D:6)
  A bullfrog zombie (D:5)
  A quasit (D:6)
  4 orc priests
  2 iguanas (D:7)
  Jessica (D:2)
  2 bullfrog skeletons
  3 orc wizards
  3 worker ants
  Terence (D:2)
  7 gnolls
  8 adders
  An ooze (D:3)
  2 worms
  8 dart slugs
  3 leopard geckos
  16 orcs
  5 giant cockroaches
  5 goblins
  8 hobgoblins
  9 jackals
  2 quokkas (D:2)
  A ball python (D:2)
  8 bats
  6 frilled lizards (D:1)
  8 kobolds
  A leopard gecko skeleton (D:7)
  A leopard gecko zombie (D:5)
  4 rats
129 creatures vanquished.

Vanquished Creatures (collateral kills)
  A crimson imp (D:7)
  A jelly (D:7)
  3 orcs (D:3)
  A bat (D:3)
  2 kobolds (D:7)
  A leopard gecko zombie (D:7)
9 creatures vanquished.

Vanquished Creatures (others)
  A howler monkey (D:4)
  An ooze (D:4)
  A giant cockroach (D:4)
  8 toadstools (D:7)
11 creatures vanquished.

Grand Total: 149 creatures vanquished

Notes
Turn   | Place    | Note
-------+----------+-------------------------------------------
     0 | D:1      | Irenicus the Deep Dwarf Necromancer began the quest for the Orb.
     0 | D:1      | Reached XP level 1. HP: 15/15 MP: 3/3
   101 | D:1      | Reached XP level 2. HP: 16/22 MP: 1/4
   112 | D:1      | Reached skill level 5 in Necromancy
   631 | D:1      | Reached XP level 3. HP: 15/28 MP: 3/6
   685 | D:2      | Learned a level 3 spell: Vampiric Draining
   689 | D:2      | Found a stormy altar of Qazlal.
   810 | D:2      | Found a faded altar of an unknown god.
   826 | D:2      | Noticed Sigmund
   879 | D:3      | Reached skill level 6 in Necromancy
   879 | D:3      | Reached XP level 4. HP: 17/36 MP: 0/7
   914 | D:3      | Learned a level 1 spell: Animate Skeleton
  1230 | D:3      | Reached XP level 5. HP: 21/42 MP: 2/8
  1271 | D:3      | Reached skill level 7 in Necromancy
  1452 | D:2      | Killed Sigmund
  1452 | D:2      | Reached skill level 8 in Necromancy
  1452 | D:2      | Reached XP level 6. HP: 36/49 MP: 0/9
  1687 | D:2      | Noticed Terence
  1689 | D:2      | Killed Terence
  1699 | D:2      | Noticed Jessica
  1723 | D:2      | Killed Jessica
  1914 | D:4      | Noticed a slave
  1914 | D:4      | Noticed a slave
  1914 | D:4      | Noticed a slave
  1914 | D:4      | Noticed Pikel
  1914 | D:4      | Noticed a slave
  1942 | D:4      | Killed Pikel
  1942 | D:4      | Reached skill level 10 in Necromancy
  1942 | D:4      | Reached XP level 7. HP: 46/55 MP: 2/10
  2144 | D:4      | Noticed Grinder
  2185 | D:4      | Killed Grinder
  2185 | D:4      | Reached skill level 11 in Necromancy
  2185 | D:4      | Reached XP level 8. HP: 23/62 MP: 11/11
  2290 | D:4      | Learned a level 4 spell: Control Undead
  2302 | D:5      | Entered Level 5 of the Dungeon
  2371 | D:5      | Noticed othur's ghost (novice GrFi)
  2380 | D:5      | Found Menonnat's Antique Armour Boutique.
  2450 | D:5      | HP: 2/62 [gnoll/flail (5)]
  2618 | D:5      | Found a shimmering altar of Xom.
  2618 | D:5      | Found a snail-covered altar of Cheibriados.
  2701 | D:5      | Found an ancient bone altar of Kikubaaqudgha.
  2708 | D:5      | Found a deep blue altar of Sif Muna.
  2709 | D:5      | Found a radiant altar of Vehumet.
  2714 | D:5      | Identified Sif Muna's Almanac of Self-Improvement
  3354 | D:6      | Found a staircase to the Ecumenical Temple.
  3363 | Temple   | Entered the Ecumenical Temple
  3371 | Temple   | Became a worshipper of Makhleb the Destroyer
  3914 | D:7      | Reached * piety under Makhleb
  4177 | D:7      | Reached skill level 5 in Spellcasting
  4190 | D:7      | Slain by an orc warrior

Skill      XL: |  1  2  3  4  5  6  7  8 |
---------------+-------------------------+-----
Necromancy     | 5 6 8 10 11 | 11.7
Spellcasting   | 2 5 |  5.0
Dodging        | |  2.1
Stealth        | |  2.4

Action                   |  1- 3 |  4- 6 |  7- 9 || total
-------------------------+-------+-------+-------++-------
Melee: Unarmed           |    17 |       |       ||    17
       Whip              |    13 |       |       ||    13
       Spear             |    30 |   110 |   155 ||   295
 Cast: Pain              |    42 |     7 |    23 ||    72
       Vampiric Draining |     2 |    19 |    47 ||    68
       Animate Skeleton  |       |     6 |    13 ||    19
       Control Undead    |       |       |     1 ||     1
 Abil: Heal Wounds       |       |       |     2 ||     2
  Use: Scroll            |       |     3 |     3 ||     6
       Potion            |       |     1 |     5 ||     6
 Stab: Sleeping          |     2 |     1 |       ||     3
       Distracted        |       |     1 |     1 ||     2
  Eat: Chunk             |     1 |     6 |    13 ||    20
Armor: Robe              |     6 |       |       ||     6
       Leather armour    |     1 |    18 |    65 ||    84
Dodge: Dodged            |    39 |    62 |   131 ||   232
Block: Other             |       |       |    13 ||    13
